Map: [ESL] Alcyone

Players

ByuN - Winner!

  • Race: Terran Terran
  • Spawn Location: 7:00

SHIN

  • Race: Zerg Zerg
  • Spawn Location: 1:00

VOD

Have the link to the VOD?

Description

Time

  • Played on: Dec. 6, 2023, 4:37 a.m.
  • Length: 17:18
Show
View Real Time Build Order
Export as new Build Order

ByuN Terran - Winner!

Build Orders: Command Center First, Banshee Rush 

Get SALT Encoding   

  12  0:00  SCV  
  13  0:12  SCV  
  14  0:17  Supply Depot  
  14  0:24  SCV  
  15  0:38  SCV  
  16  0:50  SCV  
  17  0:59  Command Center  
  17  1:03  SCV  
  18  1:11  Barracks  
  18  1:15  SCV  
  19  1:20  Refinery  
  19  1:27  SCV  
  19  1:29  Refinery  
  20  1:39  SCV  
  21  1:52  SCV  
  22  1:58  Marine  
  23  2:04  Orbital Command  
  23  2:07  Factory  
  23  2:13  Orbital Command  
  23  2:17  Barracks Reactor  
  23  2:25  Supply Depot  
  23  2:31  SCV  
  25  2:40  SCV  
  25  2:44  SCV, Barracks Reactor  
  26  2:52  SCV  
  26  2:56  SCV  
  26  2:57  Starport  
  28  3:04  Hellion  
  30  3:06  SCV  
  30  3:08  SCV  
  30  3:10  Supply Depot  
  32  3:18  SCV  
  33  3:20  SCV  
  34  3:27  Barracks Tech Lab  
  34  3:30  SCV  
  34  3:32  SCV, Hellion x2  
  40  3:36  Supply Depot  
  40  3:42  SCV  
  40  3:44  SCV  
  42  3:50  Cloaking Field, Banshee  
  42  3:54  SCV  
  46  3:56  SCV, Hellion x2  
  46  3:58  Barracks Tech Lab  
  51  4:06  SCV  
  51  4:08  SCV  
  51  4:09  Command Center  
  53  4:17  Marine, Stimpack  
  53  4:19  SCV  
  53  4:21  SCV  
  56  4:31  SCV  
  56  4:33  SCV, Banshee  
  59  4:43  SCV  
  59  4:44  Barracks, Factory Reactor  
  59  4:45  SCV  
  59  4:47  Barracks  
  59  4:51  Engineering Bay  
  59  4:52  Marine, Engineering Bay  
  57  4:55  SCV  
  57  4:57  SCV, Refinery  
  57  4:58  Refinery  
  60  5:07  SCV  
  60  5:09  SCV, Barracks  
  60  5:11  Barracks  
  62  5:20  SCV, Marine  
  64  5:22  SCV  
  64  5:23  SCV  
  64  5:24  Supply Depot x2, Terran Infantry Weapons Level 1, Starport Reactor, Terran Infantry Armor Level 1  
  66  5:33  SCV  
  66  5:34  SCV  
  69  5:35  Marine  
  69  5:36  Marine  
  69  5:38  Marine  
  69  5:43  Orbital Command  
  69  5:45  SCV  
  69  5:46  SCV  
  69  5:47  Marine x2  
  69  5:48  Siege Tank  
  75  5:54  Marine x2  
  75  5:56  Marine  
  78  5:57  SCV  
  78  5:58  SCV  
  78  6:00  Barracks Reactor  
  78  6:03  Barracks Reactor  
  80  6:05  Marine  
  80  6:06  Combat Shield  
  80  6:07  Medivac x2  
  80  6:08  SCV  
  80  6:09  SCV  
  80  6:10  SCV  
  88  6:12  Refinery  
  88  6:16  Supply Depot  
  88  6:17  Marine x2  
  88  6:18  Marine x2  
  92  6:20  SCV  
  92  6:21  SCV  
  92  6:22  SCV  
  92  6:23  Marine  
  93  6:32  Supply Depot  
  93  6:33  Supply Depot  
  93  6:37  SCV x3, Marine x4, Armory  
  93  6:38  Refinery  
  100  6:40  Marine  
  100  6:45  Supply Depot  
  100  6:46  Siege Tank  
  104  6:50  SCV x3  
  104  6:53  Command Center  
  107  6:55  Marine x4  
  107  6:56  Marine x4  
  115  7:02  Medivac x2  
  115  7:04  SCV x3  
  115  7:06  Supply Depot  
  122  7:11  Supply Depot  
  122  7:14  Supply Depot  
  122  7:17  Marine  
  122  7:18  Marine x7  
  122  7:19  Marine  
  131  7:27  Siege Tank  
  134  7:32  Terran Infantry Armor Level 2, Terran Infantry Weapons Level 2  
  134  7:36  Marine  
  135  7:37  Marine x2  
  135  7:44  Marine x5  
  137  7:47  Medivac x2  
  144  7:58  Marine x2  
  144  7:59  Siege Tank, Marine x2  
  144  8:01  Marine  
  144  8:02  Marine x4  
  144  8:05  Factory  
  154  8:06  Supply Depot, SCV x3  
  149  8:16  Marine x2  
  149  8:17  Marine x2  
  149  8:19  Marine  
  148  8:20  Marine x3  
  148  8:23  Barracks  
  148  8:25  Barracks  
  149  8:30  Missile Turret x3  
  149  8:31  Barracks  
  149  8:32  Marine  
  149  8:33  Marine  
  151  8:34  Marine  
  151  8:35  Marine  
  151  8:39  Planetary Fortress  
  153  8:42  Marine  
  154  8:49  Marine, Missile Turret  
  154  8:54  Marine x2  
  157  8:57  Marine  
  157  9:00  Siege Tank, Marine x2  
  157  9:01  Marine x3  
  160  9:07  Marine  
  127  9:10  Medivac x2  
  127  9:11  Marine  
  127  9:12  Marine  
  127  9:13  Factory Reactor  
  127  9:14  Barracks Tech Lab  
  127  9:15  Marine  
  127  9:16  SCV x3  
  135  9:18  SCV, Marine x2  
  135  9:19  Marine x2  
  141  9:25  Barracks Tech Lab x2  
  141  9:27  Marine x2  
  141  9:28  SCV  
  141  9:29  Marine  
  141  9:30  Marine  
  144  9:32  Thor  
  144  9:34  Barracks Tech Lab, Marauder  
  144  9:37  SCV x3, Marauder  
  144  9:38  Marine  
  154  9:40  Marine x2  
  154  9:45  Marauder  
  155  9:53  Medivac x2  
  155  9:55  Widow Mine x2  
  155  9:56  Marauder  
  155  9:58  Marauder  
  167  10:02  Marauder  
  167  10:03  Terran Infantry Weapons Level 3  
  167  10:05  Terran Infantry Armor Level 3  
  167  10:06  Marauder  
  171  10:07  Marine x4  
  171  10:11  Supply Depot  
  171  10:13  Marine x2  
  177  10:15  Widow Mine  
  177  10:16  Widow Mine  
  177  10:17  Marauder  
  177  10:20  Marauder  
  185  10:23  Marauder  
  185  10:26  Marine  
  185  10:28  Supply Depot, Marine  
  187  10:33  Marauder, Widow Mine  
  190  10:36  Widow Mine  
  190  10:38  Widow Mine  
  190  10:39  Marauder  
  190  10:41  Marauder  
  177  10:45  Marauder  
  177  10:48  Marine x3  
  177  10:49  Marine x5  
  185  10:54  Marauder, Widow Mine  
  185  10:57  Concussive Shells  
  176  10:58  Widow Mine  
  176  11:00  Marauder  
  176  11:02  Marauder  
  176  11:03  Widow Mine  
  171  11:05  Marine  
  171  11:06  Marine x2, Marauder  
  171  11:07  Marine  
  171  11:09  Marine x2  
  159  11:11  Medivac x2  
  159  11:12  Marine x2  
  159  11:15  Marauder, Widow Mine  
  164  11:19  Widow Mine  
  164  11:21  Marauder  
  164  11:23  Marine  
  164  11:24  Marine, Marauder, Widow Mine  
  174  11:27  Marauder  
  174  11:30  Missile Turret, Command Center  
  176  11:36  Marine  
  176  11:37  Marauder, Widow Mine  
  181  11:41  Widow Mine, Medivac x2  
  181  11:43  Marine x8  
  181  11:45  Widow Mine  
  196  11:55  Marine x3  
  196  11:58  Marine  
  155  12:08  Marine  
  155  12:09  Marine x2  
  155  12:10  Marine  
  155  12:11  Medivac  
  155  12:13  Widow Mine x2  
  155  12:15  Marine  
  146  12:17  Marine, Medivac  
  146  12:20  Marine x5  
  146  12:21  Marine  
  153  12:25  Thor  
  153  12:26  Marine  
  153  12:27  Drilling Claws  
  153  12:28  Marine  
  159  12:35  Widow Mine x2  
  163  12:39  Marauder x3  
  163  12:40  Marine  
  163  12:41  Marine x3, Medivac  
  163  12:43  Marauder  
  177  12:44  Marine x2  
  177  12:46  Marine  
  177  12:50  Marine  
  181  12:56  Widow Mine  
  181  12:57  Medivac  
  181  12:58  Marine  
  184  12:59  Marine x2  
  184  13:09  Marine x4  
  184  13:12  Marine x5  
  192  13:16  Marine  
  192  13:17  Marine x2  
  191  13:29  Marine x2  
  191  13:30  Marauder x3  
  172  13:34  Widow Mine  
  172  13:35  Marine x2  
  172  13:37  Medivac x2  
  172  13:38  Marine, Widow Mine  
  172  13:39  Marine  
  183  13:45  Marine x2  
  183  13:47  Marine  
  183  13:48  Marine  
  181  13:51  Orbital Command  
  181  13:57  Marine x6  
  181  14:01  Marauder  
  189  14:02  Marine  
  189  14:07  Medivac x2  
  192  14:10  Marine  
  192  14:15  Marine  
  192  14:16  Marauder x2  
  192  14:20  Widow Mine x2  
  192  14:21  Marauder  
  192  14:22  Marauder  
  192  14:23  Marine x2  
  172  14:27  Widow Mine  
  172  14:28  Marine x2  
  171  14:32  Marine  
  171  14:36  Medivac  
  171  14:37  Medivac  
  176  14:41  Widow Mine  
  176  14:42  Marine x2, Marauder x2  
  184  14:47  Orbital Command  
  184  14:48  Marine  
  184  14:50  Marine  
  184  14:51  Marine  
  184  14:52  Marine  
  188  14:56  Marine  
  188  14:59  Missile Turret  
  189  15:03  Marine x7  
  189  15:06  Marine, Medivac  
  199  15:08  Marine  
  199  15:09  Marine  
  199  15:10  Marine, Widow Mine x2  
  196  15:18  Marine  
  196  15:20  Marine  
  196  15:21  Marine x2  
  200  15:25  Missile Turret  
  200  15:26  Missile Turret  
  200  15:30  Marine  
  198  15:35  Marine, Marauder  
  198  15:36  Marauder  
  198  15:37  Widow Mine  
  196  15:43  Marauder  
  196  15:44  Marauder  
  200  16:06  Marine  
  199  16:13  Marine x2, Marauder  
  199  16:14  Widow Mine, Medivac  
  199  16:16  Marauder  
  199  16:17  Marine, Marauder x2  
  199  16:18  Marine  
  199  16:25  Marine x2  
  186  16:26  Widow Mine  
  186  16:27  Widow Mine  
  186  16:31  Marine x3  
  186  16:32  Marine  
  163  16:34  Marauder  
  163  16:35  Marine x2, Widow Mine, Medivac  
  163  16:37  Marauder  
  163  16:38  Marauder  
  163  16:39  Marauder  
  163  16:43  Marine x2  
  162  16:48  Marine, Widow Mine  
  162  16:49  Marine x2  
  162  16:50  Marine  
  162  16:53  Marine x2  
  165  16:56  Marauder, Widow Mine  
  165  16:57  Widow Mine  
Show
View Real Time Build Order
Export as new Build Order

SHIN Zerg 

Build Orders: Pool First 

Get SALT Encoding   

  12  0:00  Drone  
  13  0:08  Drone  
  14  0:16  Overlord  
  14  0:22  Drone, Extractor  
  15  0:34  Drone  
  16  0:40  Spawning Pool  
  15  0:43  Drone  
  15  0:46  Drone  
  17  1:07  Hatchery  
  17  1:10  Drone  
  17  1:27  Zergling x6  
  17  1:30  Queen  
  22  1:38  Overlord  
  22  1:59  Drone, Hatchery  
  23  2:01  Drone  
  23  2:10  Queen  
  23  2:14  Drone  
  26  2:19  Drone  
  26  2:21  Drone  
  28  2:28  Queen  
  30  2:32  Drone  
  30  2:34  Drone  
  31  2:39  Drone  
  31  2:40  Drone  
  31  2:43  Drone  
  32  2:45  Drone  
  32  2:47  Drone  
  34  2:52  Overlord  
  34  2:56  Drone  
  35  3:01  Extractor  
  35  3:02  Drone  
  35  3:07  Drone  
  35  3:10  Queen  
  35  3:11  Drone  
  39  3:14  Drone  
  39  3:18  Drone  
  41  3:20  Drone  
  41  3:21  Drone x2  
  41  3:25  Roach Warren  
  41  3:26  Drone  
  44  3:28  Drone, Extractor  
  44  3:30  Drone  
  45  3:35  Queen  
  45  3:38  Drone  
  45  3:40  Drone  
  49  3:41  Drone  
  49  3:44  Overlord  
  50  3:48  Overlord  
  50  3:52  Overlord  
  50  4:02  Queen  
  52  4:05  Metabolic Boost, Evolution Chamber  
  52  4:06  Drone x5  
  52  4:08  Drone  
  58  4:11  Zergling x4  
  58  4:12  Zergling x2  
  58  4:16  Queen  
  61  4:19  Drone  
  61  4:23  Drone x3  
  66  4:24  Drone  
  66  4:27  Drone  
  66  4:28  Drone  
  64  4:32  Drone x2  
  64  4:35  Drone  
  64  4:37  Drone  
  66  4:39  Drone  
  66  4:41  Drone  
  66  4:43  Drone  
  66  4:44  Drone  
  70  4:47  Drone x2  
  70  4:49  Drone  
  70  4:50  Drone  
  74  4:53  Spore Crawler  
  74  4:55  Spore Crawler  
  74  4:56  Drone  
  74  4:57  Drone  
  74  5:02  Spore Crawler, Drone  
  74  5:12  Overlord x2  
  73  5:15  Drone x2, Overlord  
  73  5:17  Overlord x3  
  73  5:21  Lair  
  73  5:22  Drone  
  73  5:27  Overlord  
  74  5:31  Drone x3  
  74  5:33  Drone, Evolution Chamber x2  
  74  5:34  Drone  
  74  5:35  Drone  
  78  5:36  Drone  
  78  5:38  Drone x2  
  78  5:40  Drone x2  
  84  5:42  Drone  
  84  5:43  Drone  
  84  5:45  Baneling Nest  
  84  5:47  Zerg Ground Armor Level 1  
  84  5:49  Drone  
  86  5:52  Extractor  
  86  5:53  Extractor x3  
  86  5:54  Drone x3  
  86  5:55  Drone  
  86  6:01  Zergling x10  
  86  6:02  Zergling x2  
  91  6:08  Zerg Melee Weapons Level 1  
  91  6:11  Zergling x6  
  94  6:15  Overlord  
  94  6:20  Zergling x4, Spire  
  95  6:28  Centrifugal Hooks  
  95  6:29  Drone, Zergling x2  
  95  6:30  Zergling x12  
  103  6:37  Zergling x8  
  103  6:39  Overlord  
  107  6:41  Zergling x2  
  107  6:46  Hatchery  
  106  6:50  Zergling x2, Overlord  
  106  6:51  Hatchery, Zergling x2  
  107  6:54  Baneling  
  107  6:55  Baneling x9  
  107  6:56  Baneling  
  107  6:59  Zergling x2  
  107  7:00  Baneling x2  
  107  7:01  Baneling x2  
  108  7:04  Zergling x8  
  112  7:08  Zergling x2  
  112  7:09  Zergling x4  
  112  7:15  Zergling x12  
  117  7:22  Drone  
  119  7:26  Overlord  
  117  7:35  Mutalisk x7  
  125  7:37  Mutalisk  
  125  7:40  Zergling x6  
  129  7:47  Mutalisk  
  129  7:49  Zergling x4  
  132  7:53  Drone  
  132  7:54  Mutalisk  
  132  7:55  Mutalisk  
  136  7:58  Baneling x2  
  136  7:59  Drone  
  136  8:00  Baneling  
  136  8:01  Drone x5  
  142  8:06  Zergling x8  
  142  8:09  Zerg Melee Weapons Level 2  
  146  8:13  Zergling x10  
  146  8:18  Zerg Flyer Weapons Level 1  
  146  8:19  Drone x4  
  155  8:32  Drone x2  
  155  8:33  Overlord x4  
  157  8:38  Baneling x7  
  157  8:41  Overlord  
  157  8:42  Drone  
  157  8:43  Baneling x3  
  157  8:45  Extractor  
  157  8:50  Zergling x2  
  157  8:53  Zergling x6  
  157  8:54  Zergling x14  
  167  8:58  Zergling x10  
  161  9:08  Zergling x28  
  146  9:11  Baneling  
  146  9:12  Baneling x8  
  146  9:16  Mutalisk x2  
  150  9:18  Drone  
  150  9:19  Drone x3  
  154  9:24  Baneling x7  
  154  9:28  Evolution Chamber  
  154  9:29  Spore Crawler  
  154  9:31  Mutalisk x3  
  152  9:37  Zergling x12  
  164  9:40  Baneling x8  
  164  9:43  Baneling x2  
  164  9:44  Zergling x2  
  164  9:45  Zergling x6  
  164  9:47  Drone x3  
  164  9:50  Baneling x4  
  167  9:55  Zergling x10  
  167  9:56  Zergling x4  
  169  10:00  Zerg Ground Armor Level 2  
  169  10:02  Overlord  
  169  10:06  Drone x3  
  172  10:07  Extractor  
  172  10:08  Zergling x10  
  172  10:09  Zergling x2, Overseer  
  172  10:12  Queen  
  179  10:15  Baneling x3  
  179  10:16  Baneling x2  
  179  10:20  Mutalisk  
  179  10:21  Mutalisk  
  183  10:30  Zergling x24  
  192  10:40  Zergling x10  
  187  10:45  Mutalisk x3  
  188  10:51  Mutalisk x3  
  188  10:54  Zergling x4  
  188  10:55  Queen, Zergling x8  
  197  10:59  Mutalisk  
  197  11:03  Zergling x8  
  196  11:08  Zergling x6  
  195  11:13  Mutalisk x2  
  195  11:16  Pneumatized Carapace  
  194  11:22  Baneling x4  
  194  11:23  Baneling x3  
  194  11:24  Overlord  
  194  11:26  Zergling x6  
  194  11:27  Baneling  
  194  11:28  Baneling x3  
  194  11:29  Overseer  
  194  11:32  Baneling  
  196  11:33  Overlord  
  196  11:35  Baneling x3  
  196  11:36  Baneling  
  196  11:41  Overlord  
  196  11:44  Infestation Pit  
  196  11:46  Zergling x12  
  200  11:48  Baneling x6  
  200  11:50  Hatchery  
  197  11:57  Zergling x12  
  196  12:03  Zergling x16  
  186  12:12  Zergling x14  
  186  12:15  Mutalisk x4  
  178  12:20  Zergling x8  
  178  12:21  Baneling x11  
  188  12:28  Spine Crawler, Drone x2  
  188  12:29  Hive  
  190  12:30  Zergling x4  
  190  12:31  Baneling x2  
  190  12:34  Drone  
  190  12:36  Zergling x8  
  196  12:41  Baneling x9  
  196  12:42  Spine Crawler  
  196  12:43  Overseer  
  195  12:46  Baneling  
  195  12:51  Zergling x10  
  194  12:57  Baneling x10  
  192  13:03  Zergling x16  
  192  13:04  Zergling x2  
  195  13:11  Overseer  
  195  13:12  Zergling x6  
  198  13:16  Zergling x4  
  199  13:20  Baneling  
  199  13:21  Baneling x17  
  199  13:24  Zergling x16  
  164  13:35  Zergling x2  
  164  13:36  Zergling x12  
  164  13:40  Mutalisk x4  
  174  13:43  Zergling x2  
  174  13:44  Baneling x2  
  174  13:45  Baneling x2  
  171  13:50  Drone x3  
  171  13:51  Zergling x6  
  171  13:52  Zergling x4  
  171  13:55  Baneling x9  
  179  14:00  Zergling x12  
  185  14:04  Queen, Zergling x4  
  185  14:05  Adrenal Glands  
  185  14:07  Zergling x8  
  185  14:09  Zergling x4  
  187  14:13  Zergling x6  
  187  14:16  Zergling x2  
  181  14:22  Zergling x6  
  165  14:24  Zergling x10  
  162  14:31  Mutalisk x3  
  162  14:36  Mutalisk  
  162  14:37  Mutalisk x2  
  174  14:38  Zergling x2  
  174  14:39  Zergling x4  
  174  14:41  Drone x3  
  174  14:44  Queen  
  182  14:47  Zergling x6  
  182  14:49  Baneling x3  
  185  14:53  Zergling x10  
  185  14:56  Zergling x4  
  188  15:00  Zergling x2  
  188  15:04  Zergling x8  
  191  15:09  Zergling x10  
  191  15:12  Hatchery  
  191  15:14  Zergling x4  
  191  15:16  Baneling  
  191  15:17  Baneling x13  
  191  15:18  Zergling x6  
  191  15:20  Zergling x6  
  199  15:22  Baneling  
  199  15:23  Baneling x8  
  199  15:25  Baneling x6  
  199  15:33  Zergling x18  
  187  15:35  Baneling x6  
  187  15:37  Zergling x4  
  181  15:43  Zergling x8  
  181  15:47  Zergling x4  
  181  15:48  Ultralisk Cavern  
  180  15:50  Baneling x5  
  180  15:51  Zergling x2  
  180  15:57  Zergling x10  
  183  15:58  Baneling x3  
  183  16:02  Zergling x4  
  182  16:07  Zergling x8  
  179  16:13  Zergling x4  
  179  16:17  Mutalisk x4  
  172  16:19  Zergling x6  
  172  16:22  Zergling x6  
  172  16:23  Zergling x2  
  167  16:31  Zergling x8  
  129  16:35  Zergling x2  
  129  16:39  Zergling x4  
  114  16:42  Zergling x6  
  115  16:53  Zergling x12  
  124  16:56  Zergling x2  
  124  17:00  Zergling x4  
Tags
 
Add a new tag
Caveats
  • Supply blocks, unpowered buildings, or Contaminate may cause inaccurate times.
  • Supply counts are checked every 10 seconds.